 Dungeon Crawl Stone Soup version 0.22.1-1-ga44c0e5 (webtiles) character file.

1591 Lavandula the Cleaver (level 8, -3/94 HPs)
             Began as a Centaur Berserker on Oct 24, 2018.
             Was a Believer of Trog.
             Slain by a wight
             ... wielding a +4 great sword of freezing
              (11 damage)
             ... on level 7 of the Dungeon.
             The game lasted 00:08:21 (1468 turns).

Lavandula the Cleaver (Centaur Berserker)           Turns: 1468, Time: 00:08:22

Health: -3/94      AC:  5    Str: 28    XL:     8   Next: 61%
Magic:  8/8        EV:  9    Int:  6    God:    Trog [**....]
Gold:   152        SH:  0    Dex:  8    Spells: 7/7 levels left

rFire    . . .     SeeInvis .   n - +2 hand axe (flame)
rCold    . . .     Gourm    .   (no shield)
rNeg     . . .     Faith    .   s - +0 ring mail
rPois    .         Spirit   .   (no helmet)
rElec    .         Reflect  .   (no cloak)
rCorr    .         Harm     .   (no gloves)
MR       .....                  (no barding)
Stlth    ..........             (no amulet)
HPRegen  0.25/turn              (no ring)
MPRegen  0.11/turn              (no ring)

@: berserking, very quick
A: large, hooves 3, deformed body, speed 2, tough skin 3
a: Berserk, Trog's Hand, Renounce Religion


You were on level 7 of the Dungeon.
You worshipped Trog.
Trog was pleased with you.
You were near starving.

You visited 1 branch of the dungeon, and saw 7 of its levels.

You collected 152 gold pieces.

Inventory:

Hand Weapons
 a - a +0 hand axe
 l - a +0 hunting sling
 n - a +2 hand axe of flaming (weapon)
Missiles
 d - 95 stones (quivered)
 t - 23 sling bullets
Armour
 b - a +0 animal skin
 s - a +0 ring mail (worn)
Jewellery
 f - a cursed -2 ring of intelligence {unknown}
Wands
 q - a wand of random effects (28)
Scrolls
 e - 2 scrolls of teleportation
 g - a scroll of noise {unknown}
 i - 5 scrolls of remove curse
 j - a scroll of enchant weapon {unknown}
 m - a scroll of identify {unknown}
 r - a scroll of fog {unknown}
Potions
 h - a potion of haste {unknown}
 k - a potion of agility {unknown}
 o - 3 potions of mutation {unknown}
 p - a potion of curing {unknown}
 u - a potion of heal wounds {unknown}
Comestibles
 c - 10 rations


   Skills:
 - Level 3.0 Fighting
 + Level 10.3 Axes
 - Level 1.3 Armour
 - Level 1.3 Dodging


You had 7 spell levels left.
You didn't know any spells.
Your spell library was empty.

Dungeon Overview and Level Annotations

Branches:
Dungeon (7/15)
 Temple: D:4-7

Altars:


Innate Abilities, Weirdness & Mutations

You have hooves in place of feet.
Armour fits poorly on your strangely shaped body.
You cover ground very quickly.
You have extremely tough skin. (AC +3)


Message History

Harold is almost dead.
You slash the hippogriff! You burn the hippogriff.
You kill the hippogriff!
Trog accepts your kill.
The wight hits you from afar with a trident!
* * * LOW HITPOINT WARNING * * *
You feel drained.
* * * LOW HITPOINT WARNING * * *
You slash Harold! You burn Harold.
You kill Harold!
Trog accepts your kill.
Trog appreciates your killing of a magic user.
Your life force feels restored.
Your Axes skill gained 2 levels and is now at level 10!
You have reached level 8!
You feel stronger.
You barely miss the wight. You hit the quokka skeleton.
You burn the quokka skeleton.
The wight hits you with a great sword of freezing!
You die...

.....##
.......
z......
######.......
#............
#.....zS....#
#....zZ.....#
#...†@.......
#.....)......
#...<..##....
#......# ...
####.### [
#... ####. #


You could see 3 wights, an adder and a quokka skeleton.

Vanquished Creatures
  Harold (D:7)
  A hippogriff (D:7)
  An ice beast (D:6)
  A hornet zombie (D:3)
  An ogre (D:3)
  2 centaurs (D:5)
  A crimson imp (D:5)
  A bullfrog zombie (D:3)
  2 hounds
  2 orc wizards
  A centaur skeleton (D:3)
  A gnoll (D:1)
  An adder zombie (D:5)
  The ghost of dscm the Chopper, a weakling DsGl (D:3)
  2 dart slugs
  A leopard gecko (D:1)
  4 orcs
  A ball python (D:5)
  A giant cockroach (D:1)
  14 goblins
  4 hobgoblins
  A quokka (D:4)
  5 bats
  4 frilled lizards
  7 kobolds
  A leopard gecko skeleton (D:4)
  A leopard gecko zombie (D:5)
  5 rats
68 creatures vanquished.

Notes
Turn   | Place    | Note
-------+----------+-------------------------------------------
     0 | D:1      | Lavandula the Centaur Berserker began the quest for the
                  | Orb.
     0 | D:1      | Reached XP level 1. HP: 19/19 MP: 1/1
   100 | D:1      | Reached skill level 3 in Axes
   146 | D:1      | Reached XP level 2. HP: 17/26 MP: 2/2
   388 | D:2      | Reached XP level 3. HP: 17/31 MP: 3/3
   444 | D:2      | Reached ** piety under Trog
   554 | D:3      | Reached skill level 4 in Axes
   656 | D:3      | Noticed an ogre
   664 | D:3      | Killed an ogre
   664 | D:3      | Reached skill level 5 in Axes
   664 | D:3      | Reached XP level 4. HP: 38/38 MP: 4/4
   713 | D:3      | Reached XP level 5. HP: 10/45 MP: 5/5
   742 | D:3      | HP: 1/45 [dart slug/slug dart (6)]
   854 | D:3      | Found a transporter.
   854 | D:3      | Noticed dscm's ghost (weakling DsGl)
   884 | D:3      | Killed dscm's ghost
   884 | D:3      | Reached skill level 6 in Axes
   885 | D:3      | Reached XP level 6. HP: 51/51 MP: 6/6
   888 | D:3      | Found a transporter.
  1036 | D:5      | Entered Level 5 of the Dungeon
  1119 | D:5      | Reached skill level 7 in Axes
  1248 | D:5      | Reached XP level 7. HP: 36/57 MP: 7/7
  1451 | D:7      | Noticed a hippogriff
  1456 | D:7      | Noticed Harold
  1463 | D:7      | Reached skill level 8 in Axes
  1467 | D:7      | Killed a hippogriff
  1468 | D:7      | Killed Harold
  1468 | D:7      | Reached skill level 10 in Axes
  1468 | D:7      | Reached XP level 8. HP: 8/63 MP: 8/8
  1468 | D:7      | Slain by a wight

Skill      XL: |  1  2  3  4  5  6  7 |
---------------+----------------------+-----
Axes           | 3 5 6 7 10 | 10.3
Fighting       | |  3.0
Armour         | |  1.3
Dodging        | |  1.3

Action                   |  1- 3 |  4- 6 |  7- 9 || total
-------------------------+-------+-------+-------++-------
Melee: Hand axe          |    66 |    85 |    18 ||   169
       Kick              |     7 |    12 |     7 ||    26
 Fire: Hunting sling     |     7 |     7 |       ||    14
Invok: Berserk           |     2 |     1 |     1 ||     4
       Trog's Hand       |       |     2 |       ||     2
  Use: Scroll            |       |       |     2 ||     2
  Eat: Chunk             |       |     4 |       ||     4
Armor: Animal skin       |    23 |    24 |       ||    47
       Ring mail         |       |       |    12 ||    12
Dodge: Dodged            |    26 |    38 |    12 ||    76
